 Dungeon Crawl Stone Soup version 0.31-a0-1529-g7bd419a0e5 (webtiles) character file.

Game seed: 7795920162967380951

183 night the Apothecary (level 5, -2/30 HPs)
             Began as a Gargoyle Alchemist on Dec 31, 2023.
             Was an Initiate of Vehumet.
             Slain by an orc
             ... wielding a +0 mace of protection
              (4 damage)
             ... on level 3 of the Dungeon.
             The game lasted 00:08:12 (3230 turns).

night the Apothecary (Gargoyle Alchemist)           Turns: 3230, Time: 00:08:13

Health: -2/30      AC:  7    Str: 12    XL:     5   Next: 62%
Magic:  9/9        EV: 11    Int: 17    God:    Vehumet [......]
Gold:   159        SH:  0    Dex: 10    Spells: 3/9 levels left

rFire   . . .        q - +0 morningstar (drain)
rCold   . . .        (no shield)
rNeg    + . .        a - +0 robe
rPois   ∞            (no helmet)
rElec   +            g - +0 cloak
rCorr   .            (no gloves)
SInv    .            (no boots)
Will    .....        (no amulet)
Stlth   ++           (no ring)
HPRegen 0.25/turn    (no ring)
MPRegen 0.11/turn

%: no passive effects
@: no status effects
A: sickness immunity, AC +4, negative energy resistance 1, electricity
resistance, torment resistance 1, petrification resistance
a: Renounce Religion


You were on level 3 of the Dungeon.
You worshipped Vehumet.
Vehumet was noncommittal.
You visited 1 branch of the dungeon, and saw 4 of its levels.

You collected 159 gold pieces.

Inventory:

Hand Weapons
 h - a +0 mace
 q - a +0 morningstar of draining (weapon)
Missiles
 d - 37 stones
 n - a throwing net
Armour
 a - a +0 robe (worn)
 g - a +0 cloak (worn)
Wands
 o - a wand of polymorph (7)
Scrolls
 e - a scroll of teleportation {unknown}
 i - a scroll of blinking
 k - 2 scrolls of poison {unknown}
 m - a scroll of fear {unknown}
Potions
 b - a potion of magic
 c - 3 potions of brilliance {unknown}
 f - a potion of curing {unknown}
 j - a potion of might {unknown}
 l - 2 potions of heal wounds {unknown}
 p - a potion of experience {unknown}


   Skills:
 + Level 2.1 Fighting
 + Level 1.9 Maces & Flails
 - Level 1.5 Dodging
 - Level 2.1 Stealth
 + Level 2.8 Spellcasting
 - Level 1.1 Conjurations
 + Level 1.0 Fire Magic
 * Level 3.6 Alchemy


You had 3 spell levels left.
You knew the following spells:

 Your Spells              Type           Power      Damage    Failure   Level
a - Sting                 Conj/Alch      40%        1d5       7%          1
b - Mercury Vapours       Alch/Air       16%        N/A       13%         2
c - Mephitic Cloud        Conj/Alch/Air  7%         N/A       28%         3

Your spell library contained the following spells:

 Spells                   Type           Power      Damage    Failure   Level
 Necrotise                Necr           8%         1d4       19%         1
 Vampiric Draining        Necr           2%         2d6       47%         3
 Olgreb's Toxic Radiance  Alch           14%        N/A       36%         4
 Sticky Flame             Fire/Alch      10%        2d5       56%         4
 Martyr's Knell           Necr/Summ      2%         N/A       87%         4
 Curse of Agony           Necr           2%         N/A       99%         5


Dungeon Overview and Level Annotations

Branches:
Dungeon (4/15)
 Temple: D:4-7

Altars:
Qazlal
Uskayaw
Vehumet


Innate Abilities, Weirdness & Mutations

You are immune to sickness and miasma.
Your stone body is resilient. (AC +4)
You are immune to poison.
You resist negative energy. (rN+)
You are resistant to electric shocks. (rElec)
You are resistant to unholy torment.
You are immune to petrification.


Message History

Found 15 gold pieces.
There is a stone staircase leading up here.
The orc wizard shouts!
You hear a shout!
The orc wizard gestures wildly while chanting.
The orc wizard flickers and vanishes!
Deactivating autopickup; reactivate with Ctrl-A.
The orc shouts!
An orc comes into view. It is wielding a +0 mace of protection.
A puff of flame appears from out of thin air!
The puff of flame hits you.
A hobgoblin comes into view.
The hobgoblin shouts!
The orc hits you with a +0 mace of protection.
You climb upwards.
Reactivating autopickup.
There is a stone staircase leading down here.
You hit the orc but do no damage. Something hits you but does no damage.
Deactivating autopickup; reactivate with Ctrl-A.
The orc hits you with a +0 mace of protection.
You miss something. Something barely misses you.
The orc hits you with a +0 mace of protection.
You miss something. Something hits you but does no damage.
The orc hits you but does no damage. Something completely misses you.
The orc hits you but does no damage.
You closely miss something. Something hits you but does no damage.
The orc closely misses you.
You miss something. Something hits you but does no damage.
The orc hits you with a +0 mace of protection.
Something hits you. The orc closely misses you.
You closely miss something. Something completely misses you.
The orc hits you with a +0 mace of protection.
You miss something. Something hits you. The orc closely misses you.
You hear some strange, mumbled words.
A puff of flame appears from out of thin air!
The puff of flame hits you!
* * * LOW HITPOINT WARNING * * *
Something hits you.
* * * LOW HITPOINT WARNING * * *
The orc hits you with a +0 mace of protection.
You die...

##........<........#.
#......##>..###.#.##.
#.##.#.###### #.#.##.
#.##.#.# #.#....
#.##.#.# ##+#####
#....#.# ##...##
#...##.# ##.....##
####......# ##.....).##
#.......@.####..)......#
#......o{....'.>.......'
#.........####.....^...#
####.....## ##.......##
#...### ##.....## #...#
##...## ##.## ##+## #.#
#.# #.# #.#


You could see an orc.

Vanquished Creatures
  An ogre (D:3)
  2 adders
  6 dart slugs
  A ribbon worm (D:3)
  6 orcs (D:3)
  3 bats
  2 endoplasms
  4 giant cockroaches
  4 hobgoblins
  4 jackals (D:2)
  3 quokkas
  4 ball pythons
  4 frilled lizards
  4 goblins
  9 kobolds
  4 rats
61 creatures vanquished.

Notes
Turn   | Place    | Note
-------+----------+-------------------------------------------
     0 | D:1      | night the Gargoyle Alchemist began the quest for the Orb.
     0 | D:1      | Reached XP level 1. HP: 10/10 MP: 3/3
   151 | D:1      | Reached XP level 2. HP: 16/16 MP: 1/5
   344 | D:1      | Learned a level 2 spell: Mercury Vapours
   703 | D:1      | Reached skill level 1 in Fighting
   788 | D:1      | Reached XP level 3. HP: 20/20 MP: 3/6
  1025 | D:1      | Reached skill level 1 in Maces & Flails
  1171 | D:2      | Learned a level 3 spell: Mephitic Cloud
  1185 | D:2      | Found a radiant altar of Vehumet.
  1193 | D:2      | Became a worshipper of Vehumet
  1392 | D:2      | Reached skill level 3 in Alchemy
  1697 | D:2      | Reached XP level 4. HP: 25/25 MP: 1/7
  2188 | D:3      | Found a stormy altar of Qazlal.
  2188 | D:3      | Found a hide-covered altar of Uskayaw.
  2840 | D:3      | Noticed an ogre
  2853 | D:3      | Killed an ogre
  2854 | D:3      | Reached skill level 2 in Fighting
  2854 | D:3      | Reached skill level 1 in Fire Magic
  2854 | D:3      | Reached XP level 5. HP: 30/30 MP: 0/9
  3229 | D:3      | HP: 4/30 [something/puff of flame (10)]
  3230 | D:3      | Slain by an orc

Illustrated notes

Levels and vault maps discovered:
D:1:      minmay_arrival_radiant_lines, layout_loops_cross,
          minmay_misc_feat_more_columns
D:2:      layout_basic, basic_altar, minmay_misc_feat_plants
D:3:      layout_loops_corners, nicolae_overflow_two_pavilions, minivault_25,
          chequers_serial_rivers_room_a
D:4:      layout_cave_pools, mainiacjoe_overflow_alcove_2, fedhas_ov_isle_minmay

Skill      XL: |  1  2  3  4 |
---------------+-------------+-----
Fighting       | 1 2 |  2.1
Maces & Flails | 1 |  1.9
Alchemy        | 3 |  3.6
Fire Magic     | 1 |  1.0
Dodging        | |  1.5
Stealth        | |  2.1
Spellcasting   | |  2.8
Conjurations   | |  1.1

Action                     |  1- 3 |  4- 6 || total
---------------------------+-------+-------++-------
  Melee: Mace              |    30 |    38 ||    68
         Unarmed           |     3 |       ||     3
         Morningstar       |       |     7 ||     7
   Cast: Sting             |    53 |    27 ||    80
         Mercury Vapours   |     5 |     3 ||     8
         Mephitic Cloud    |     1 |     2 ||     3
    Use: Scroll            |       |     3 ||     3
 Armour: Robe              |    29 |    39 ||    68
  Dodge: Dodged            |    38 |    31 ||    69

Table legend: (Time is in decaauts)
 A = Elapsed time spent in this place.
 B = Non-inter-level travel time spent in this place.
 C = Inter-level travel time spent in this place.
 D = Time resting spent in this place.
 E = Time spent auto-exploring this place.
 F = Levels seen in this place.
 G = Mean time per level.
                   A        B        C        D        E       F      G
               +--------+--------+--------+--------+--------+-----+--------+
         Total |   3254 |   3190 |     64 |    228 |   2417 |   4 |  813.5 |
       Dungeon |   3254 |   3190 |     64 |    228 |   2417 |   4 |  813.5 |
               +--------+--------+--------+--------+--------+-----+--------+

Top non-repeatable levels by time:
     D:3: 1347 daAuts
     D:1: 1079 daAuts
     D:2: 814 daAuts
     D:4: 12 daAuts
